 Dungeon Crawl Stone Soup version 0.28-a0-983-g1de4e0787c (webtiles) character file.

Game seed: 15343120268071578069

47 ytrimaz the Skirmisher (level 3, -1/43 HPs)
             Began as a Demonspawn Berserker on Dec 2, 2021.
             Was a Believer of Trog.
             Slain by a gnoll (8 damage)
             ... on level 2 of the Dungeon.
             The game lasted 00:00:54 (1541 turns).

ytrimaz the Skirmisher (Demonspawn Berserker)       Turns: 1541, Time: 00:00:54

Health: -1/43      AC:  2    Str: 19    XL:     3   Next: 48%
Magic:  3/3        EV: 12    Int:  8    God:    Trog [**....]
Gold:   38         SH:  0    Dex: 12    Spells: 2/2 levels left

rFire   . . .      SeeInvis .   a - +0 hand axe
rCold   . . .      Faith    .   (no shield)
rNeg    . . .      Spirit   .   b - +0 animal skin
rPois   .          Reflect  .   (no helmet)
rElec   .          Harm     .   (no cloak)
rCorr   .          Rampage  .   (no gloves)
Will    .....                   (no boots)
Stlth   ..........              (no amulet)
HPRegen 0.14/turn               (no ring)
MPRegen 0.08/turn               (no ring)

@: berserking, very quick
A: ignite blood 1, spiny 1
a: Renounce Religion, Berserk, Trog's Hand


You were on level 2 of the Dungeon.
You worshipped Trog.
Trog was pleased with you.
You visited 1 branch of the dungeon, and saw 2 of its levels.

You collected 38 gold pieces.

Inventory:

Hand Weapons
 a - a +0 hand axe (weapon)
Missiles
 d - 13 poisoned darts (quivered)
Armour
 b - a +0 animal skin (worn)
Scrolls
 c - a scroll of identify {unknown}
Potions
 e - a potion of resistance {unknown}


   Skills:
 + Level 3.6 Fighting
 + Level 3.4 Axes
 + Level 1.8 Armour
 + Level 2.1 Dodging


You had 2 spell levels left.
You didn't know any spells.
Your spell library was empty.

Dungeon Overview and Level Annotations

Branches:
Dungeon (2/15)

Altars:


Innate Abilities, Weirdness & Mutations

Your demonic aura sometimes causes spilled blood to erupt in flames.
You are partially covered in sharp spines.


Message History

Found a ring mail.
Found a stone staircase leading down.
A bat and 2 gnolls come into view.
Found a scroll labelled DIAKEET YGUXO.
There are monsters nearby!
There are monsters nearby!
A bat, a hobgoblin and 2 gnolls come into view.
Found 18 gold pieces and a sedimented orange potion.
The hobgoblin shouts!
The gnoll shouts! x4
The gnoll closely misses you. The gnoll is struck by your spines.
The gnoll barely misses you. The bat is struck by your spines.
The bat closely misses you.
You barely miss the bat.
The bat is severely wounded.
You hit the hobgoblin but do no damage. You barely miss the gnoll. x2
The bat misses you. The bat closely misses you.
The bat is struck by your spines.
You kill the bat!
Trog accepts your kill. The hobgoblin hits you.
The gnoll hits you from afar with a +0 halberd.
The gnoll hits you with a +0 club. The gnoll is struck by your spines.
The gnoll hits you with a +0 halberd.
A red film seems to cover your vision as you go berserk!
You feel yourself moving faster!
You feel mighty! The bat is struck by your spines.
The bat hits you but does no damage. The gnoll barely misses you.
The hobgoblin is struck by your spines. The hobgoblin closely misses you.
The gnoll hits you with a +0 club.
Unknown command.
You barely miss the hobgoblin.
The hobgoblin is almost dead.
You slash the gnoll! You hit the gnoll.
The gnoll hits you from afar with a +0 halberd!
* * * LOW HITPOINT WARNING * * *
The hobgoblin barely misses you. The gnoll barely misses you.
The gnoll is engulfed in blazing flames.
You kill the gnoll!
Trog accepts your kill. The gnoll is struck by your spines.
The gnoll hits you with a +0 club!
You die...

#.##.# . #....#
.........# # #...[#
.........# ..#.#..#
.........#
#.#.##.##.!.......##
..#.##..#.......?..
###.....#.....g.b.#
..#.##..#......g○g#
....##..#.$...g.@.#
######..#########.#
.....##..##.......#
.....##..##.#######
.....###.##.# .....#
#.##.# .....# #..#.#
.....###..#.######
.....##............


You could see 3 gnolls, a hobgoblin and a bat.

Vanquished Creatures
  A gnoll (D:2)
  An adder (D:2)
  A dart slug (D:1)
  5 bats
  2 endoplasms (D:1)
  6 goblins (D:1)
  4 hobgoblins (D:1)
  2 jackals (D:1)
  3 quokkas
  3 ball pythons
  3 frilled lizards (D:1)
  A kobold (D:1)
  4 rats (D:1)
36 creatures vanquished.

Notes
Turn   | Place    | Note
-------+----------+-------------------------------------------
     0 | D:1      | ytrimaz the Demonspawn Berserker began the quest for the
                  | Orb.
     0 | D:1      | Reached XP level 1. HP: 18/18 MP: 1/1
   311 | D:1      | Gained mutation: You are partially covered in sharp spines.
                  | [demonic ancestry]
   311 | D:1      | Reached XP level 2. HP: 18/24 MP: 2/2
   680 | D:1      | Reached ** piety under Trog
   763 | D:1      | Gained mutation: Your demonic aura sometimes causes spilled
                  | blood to erupt in flames. [demonic ancestry]
   763 | D:1      | Reached XP level 3. HP: 29/29 MP: 3/3
  1541 | D:2      | Slain by a gnoll

Illustrated notes

Levels and vault maps discovered:
D:1:      minmay_arrival_split_and_join, layout_loops_ring,
          chequers_serial_rivers_micro_c
D:2:      layout_basic, shapermc_ecumenical_altar_mp_urbaneastern,
          corexii_leaking_fountain, kennysheep_nondescript

Skill      XL: |  1  2 |
---------------+-------+-----
Axes           | 3 |  3.4
Dodging        | 2 |  2.1
Fighting       | |  3.6
Armour         | |  1.8

Action                   || total
-------------------------++-------
Melee: Hand axe          ||    66
Invok: Berserk           ||     1
 Stab: Sleeping          ||     1
Armor: Animal skin       ||    10
Dodge: Dodged            ||    47

Table legend: (Time is in decaauts)
 A = Elapsed time spent in this place.
 B = Non-inter-level travel time spent in this place.
 C = Inter-level travel time spent in this place.
 D = Time resting spent in this place.
 E = Time spent auto-exploring this place.
 F = Levels seen in this place.
 G = Mean time per level.
                   A        B        C        D        E       F      G
               +--------+--------+--------+--------+--------+-----+--------+
         Total |   1551 |   1550 |      1 |      0 |   1365 |   2 |  775.5 |
       Dungeon |   1551 |   1550 |      1 |      0 |   1365 |   2 |  775.5 |
               +--------+--------+--------+--------+--------+-----+--------+

Top non-repeatable levels by time:
     D:1: 1264 daAuts
     D:2: 286 daAuts
